 Dungeon Crawl Stone Soup version 0.30-a0-373-gd37427bb62 (console) character file.

Game seed: 8734616835610448863

274 zsiga the Conjurer (level 6, -13/37 HPs)
             Began as a Tengu Reaver on Nov 24, 2022.
             Killed from afar by Eustachio (18 damage)
             ... with a bolt of dispelling energy
             ... on level 4 of the Dungeon.
             The game lasted 00:31:56 (3221 turns).

zsiga the Conjurer (Tengu Reaver)                   Turns: 3221, Time: 00:31:56

Health: -13/37     AC: 10    Str: 18    XL:     6   Next: 24%
Magic:  11/11      EV: 13    Int: 13    God:
Gold:   159        SH:  0    Dex: 11    Spells: 8/11 levels left

rFire   . . .      SeeInvis .    j - +7 falchion {flame, Will+ Str+4 Dex-2}
rCold   . . .      Faith    .    (no shield)
rNeg    . . .      Spirit   .    h - +0 ring mail
rPois   .          Reflect  .    (helmet restricted)
rElec   .          Harm     .    (no cloak)
rCorr   .          Rampage  +    k - +0 pair of gloves "Murehuc" {Rampage}
Will    +....                    (boots unavailable)
Stlth   +.........               (no amulet)
HPRegen 0.26/turn                q - +4 ring of protection
MPRegen 0.12/turn                (no ring)

@: flying quickly and evasively, quick
A: beak, talons 3, nimble flight
a: no special abilities


You were on level 4 of the Dungeon.
You visited 1 branch of the dungeon, and saw 4 of its levels.

You collected 159 gold pieces.

Inventory:

Hand Weapons
 a - a +0 falchion
 g - a +1 short sword of freezing
 j - the +7 falchion "Transmigrator" (weapon) {flame, Will+ Str+4 Dex-2}
   (You found it on level 2 of the Dungeon)

   It burns those it strikes, dealing additional fire damage.
   Big, fiery blades are also staple armaments of hydra-hunters.
   Str:       It affects your strength (+4).
   Dex:       It affects your dexterity (-2).
   Will:      It increases your willpower.
Missiles
 u - 3 poisoned darts
Armour
 b - a +0 leather armour
 h - a +0 ring mail (worn)
 k - the +0 pair of gloves "Murehuc" (worn) {Rampage}
   (You found it on level 2 of the Dungeon)

   Rampage:   It bestows one free step when moving towards enemies.
Jewellery
 q - a +4 ring of protection (left hand)
Wands
 p - a wand of charming (6)
Scrolls
 d - a scroll of poison
 i - a scroll of vulnerability
 o - a scroll of teleportation
 s - a scroll of immolation {unknown}
 t - a scroll of magic mapping {unknown}
Potions
 c - 2 potions of mutation {unknown}
 f - a potion of might {unknown}
 l - a potion of brilliance
 m - 3 potions of berserk rage
 n - a potion of lignification {unknown}
 r - a potion of attraction {unknown}


   Skills:
 + Level 3.3 Fighting
 + Level 4.3 Long Blades
 + Level 3.6 Dodging
 + Level 3.1 Spellcasting
 + Level 5.3 Conjurations


You had 8 spell levels left.
You knew the following spells:

 Your Spells              Type           Power      Damage    Failure   Level
a - Kiss of Death         Conj/Necr      32%        2d7       14%         1
b - Momentum Strike       Conj/Tloc      16%        3d8       21%         2

Your spell library contained the following spells:

 Spells                   Type           Power      Damage    Failure   Level
 Summon Small Mammal      Summ           8%         N/A       38%         1
 Hailstorm                Conj/Ice       8%         3d4       38%         3
 Sublimation of Blood     Necr           2%         N/A       52%         2
 Call Canine Familiar     Summ           2%         N/A       77%         3
 Summon Guardian Golem    Hex/Summ       2%         N/A       77%         3
 Irradiate                Conj/Tmut      4%         3d13      98%         5
 Petrify                  Tmut/Erth      2%         N/A       99%         4


Dungeon Overview and Level Annotations

Branches:
Dungeon (4/15)
 Temple: D:4-7

Altars:

Annotations:
D:4 Eustachio


Innate Abilities, Weirdness & Mutations

You have a beak for a mouth.
You have claws for feet.
Your magical nature lets you fly swiftly and evasively.


Message History

Aim: an ogre, wielding a +0 giant spiked club (heavily wounded, 72% to hit)
You throw a silver javelin.
The silver javelin pierces through the ogre.
The ogre is severely wounded.
You see here 7 stones.
Eustachio the Magnificent comes into view.
He is wielding a +0 falchion and carrying a wand of quicksilver (15).
Eustachio zaps a wand.
The bolt of dispelling energy hits you!
Ouch! That really hurt!
* * * LOW HITPOINT WARNING * * *
Throw: javelin (silver)
Press: ? - help, Shift-Dir - straight line, f/p - ogre
Aim: an ogre, wielding a +0 giant spiked club (severely wounded, 72% to hit)
You throw a silver javelin.
The silver javelin pierces through the ogre.
The ogre is almost dead.
You hit the ogre. You burn the ogre.
You kill the ogre!
Your Spellcasting skill increases to level 3!
You have reached level 6!
Found a scroll of identify.
You start resting.
Eustachio is nearby!
Eustachio hits you with a +0 falchion.
* * * LOW HITPOINT WARNING * * *
You hit Eustachio. You burn Eustachio. You claw Eustachio.
Eustachio is moderately wounded.
Eustachio zaps a wand.
The bolt of dispelling energy misses you.
You hit Eustachio but do no damage. Your kick misses Eustachio.
Your peck misses Eustachio.
Eustachio is moderately wounded.
Eustachio asks, "How can you live without manners, virtues and honour?"
Eustachio hits you but does no damage.
You slash Eustachio! You burn Eustachio.
Eustachio is heavily wounded.
Eustachio casts a spell.
You hit Eustachio. You burn Eustachio. You claw Eustachio. You peck Eustachio.
Eustachio is severely wounded.
Eustachio zaps a wand.
The bolt of dispelling energy hits you!!
You die...

##### ....#### ## ##
(..#.. ... ?.#
#..#.## #.# #.#
#.....###.# #.#
#...#.....# #.#
#.@(.# #.# #.#
#.#.## #.#####.#
#O#.# #.....@.#
#.#.# #.#####@#
###.#.# #.# #5#
..#.#)# #.#####.#
#.#.#.####........
#.#(#............#.
...(##############.#
#.### # #.# #.# #.#
#.#


You could see Eustachio and a quasit (summoned).

Vanquished Creatures
  An ogre (D:4)
  A centaur (D:3)
  2 adders
  3 worms (D:2)
  2 dart slugs
  7 orcs
  7 endoplasms
  A giant cockroach (D:1)
  3 goblins
  6 hobgoblins
  4 quokkas
  3 ball pythons
  7 bats
  8 frilled lizards
  9 kobolds
  5 rats
  2 toadstools (D:1)
71 creatures vanquished.

Vanquished Creatures (others)
  An orc (D:3)
  A plant (D:1)
  2 toadstools (D:1)
4 creatures vanquished.

Grand Total: 75 creatures vanquished

Notes
Turn   | Place    | Note
-------+----------+-------------------------------------------
     0 | D:1      | zsiga the Tengu Reaver began the quest for the Orb.
     0 | D:1      | Reached XP level 1. HP: 12/12 MP: 4/4
   343 | D:1      | Reached XP level 2. HP: 17/17 MP: 6/6
   824 | D:1      | Reached XP level 3. HP: 17/19 MP: 7/7
  1134 | D:2      | Identified the +7 falchion "Transmigrator" {flame, Will+
                  | Str+4 Dex-2}
  1158 | D:2      | Identified the +0 pair of gloves "Murehuc" {Rampage}
  1534 | D:2      | Reached XP level 4. HP: 27/27 MP: 8/8
  1958 | D:3      | Learned a level 2 spell: Momentum Strike
  2275 | D:3      | Noticed a centaur
  2285 | D:3      | Killed a centaur
  2286 | D:3      | Reached skill level 5 in Conjurations
  2286 | D:3      | Gained mutation: Your magical nature lets you fly swiftly
                  | and evasively. [Tengu growth]
  2286 | D:3      | Reached XP level 5. HP: 24/32 MP: 8/10
  3118 | D:4      | Noticed an ogre
  3187 | D:4      | Noticed Eustachio
  3187 | D:4      | HP: 1/32 [Eustachio/bolt of dispelling energy (16)]
  3195 | D:4      | Killed an ogre
  3196 | D:4      | Reached XP level 6. HP: 4/37 MP: 11/11
  3221 | D:4      | Killed from afar by Eustachio

Illustrated notes

Levels and vault maps discovered:
D:1:      ldierk_walled_garden_2, layout_basic
D:2:      minmay_skewed_foursquare, layout_basic
D:3:      layout_loops_corners
D:4:      layout_loops_ring, minmay_temple_entry_proselytizer,
          serial_bayou_ford_a, guppyfry_early_orc_mine, uniq_eustachio

Skill      XL: |  1  2  3  4  5 |
---------------+----------------+-----
Dodging        | 3 |  3.6
Fighting       | 3 |  3.3
Long Blades    | 4 |  4.3
Conjurations   | 5 |  5.3
Spellcasting   | 3 |  3.1

Action                   |  1- 3 |  4- 6 || total
-------------------------+-------+-------++-------
Melee: Falchion          |    72 |    52 ||   124
       Kick              |    20 |     8 ||    28
       Peck              |     6 |     3 ||     9
Throw: Javelin           |     7 |     8 ||    15
       Dart              |       |     2 ||     2
 Cast: Kiss of Death     |     1 |       ||     1
       Momentum Strike   |       |     1 ||     1
Evoke: Wand              |       |     1 ||     1
  Use: Scroll            |     3 |     2 ||     5
Armor: Leather armour    |     7 |       ||     7
       Ring mail         |     8 |    12 ||    20
Dodge: Dodged            |    36 |    23 ||    59

Table legend: (Time is in decaauts)
 A = Elapsed time spent in this place.
 B = Non-inter-level travel time spent in this place.
 C = Inter-level travel time spent in this place.
 D = Time resting spent in this place.
 E = Time spent auto-exploring this place.
 F = Levels seen in this place.
 G = Mean time per level.
                   A        B        C        D        E       F      G
               +--------+--------+--------+--------+--------+-----+--------+
         Total |   3159 |   3006 |    153 |    226 |    487 |   4 |  789.8 |
       Dungeon |   3159 |   3006 |    153 |    226 |    487 |   4 |  789.8 |
               +--------+--------+--------+--------+--------+-----+--------+

Top non-repeatable levels by time:
     D:3: 1172 daAuts
     D:2: 981 daAuts
     D:1: 879 daAuts
     D:4: 125 daAuts
